 Dungeon Crawl Stone Soup version 0.30-a0-860-g512cf1e979 (webtiles) character file.

Game seed: 8656968217829744389

25 qeuew the Insei (level 3, 0/26 HPs)
             Began as a Formicid Transmuter on Mar 7, 2023.
             Slain by a gnoll
             ... wielding a +0 club
              (3 damage)
             ... on level 1 of the Dungeon.
             The game lasted 00:01:20 (293 turns).

qeuew the Insei (Formicid Transmuter)                Turns: 293, Time: 00:01:20

Health: 0/26       AC:  2    Str: 14    XL:     3   Next: 20%
Magic:  5/6        EV:  9    Int: 14    God:
Gold:   0          SH:  0    Dex: 14    Spells: 6/7 levels left

rFire   . . .      SeeInvis +      - Unarmed
rCold   . . .      Faith    .    (no shield)
rNeg    . . .      Spirit   .    a - +0 robe
rPois   .          Reflect  .    (helmet unavailable)
rElec   .          Rampage  .    (no cloak)
rCorr   .                        (no gloves)
Will    .....                    (boots currently unavailable)
Stlth   +                        (no amulet)
HPRegen 0.24/turn                (no ring)
MPRegen 0.10/turn                (no ring)

@: appendages, constricted
A: talons 2, permanent stasis, dig shafts and tunnels, antennae 3, four strong
arms
a: Dig, Shaft Self, End Transformation


You were on level 1 of the Dungeon.
You had temporarily grown beastly talons.
You visited 1 branch of the dungeon, and saw 1 of its levels.

Inventory:

Armour
 a - a +0 robe (worn)
Scrolls
 d - a scroll of identify {unknown}
Potions
 b - a potion of lignification
 c - a potion of attraction {unknown}
 e - a potion of berserk rage {unknown}


   Skills:
 + Level 1.4 Fighting
 + Level 0.9 Armour
 + Level 2.0 Dodging
 + Level 3.2 Unarmed Combat
 + Level 2.5 Spellcasting
 + Level 2.5 Transmutations


You had 6 spell levels left.
You knew the following spells:

 Your Spells              Type           Power      Damage    Failure   Level
a - Beastly Appendage     Tmut           18%        N/A       8%          1

Your spell library contained the following spells:

 Spells                   Type           Power      Damage    Failure   Level
 Wereblood                Tmut           9%         N/A       12%         2
 Spider Form              Tmut/Pois      5%         N/A       36%         3
 Ozocubu's Armour         Ice            1%         N/A       56%         3
 Ice Form                 Ice/Tmut       5%         N/A       78%         4
 Borgnjor's Vile Clutch   Necr/Erth      0%         N/A       99%         5
 Infestation              Necr           0%         N/A       100%        8


Dungeon Overview and Level Annotations

Branches:
Dungeon (1/15)

Altars:


Innate Abilities, Weirdness & Mutations

You have temporarily grown beastly talons.
You cannot be hasted, slowed, berserked, paralysed or teleported.
You can dig through walls and to a lower floor.
You have a pair of large antennae on your head. (SInv)
Your four strong arms can wield two-handed weapons with a shield.


Message History

The gnoll is heavily wounded.
The gnoll closely misses you. The goblin misses you.
You closely miss the gnoll.
The gnoll is heavily wounded.
The gnoll hits you with a +0 club. The goblin hits you but does no damage.
You barely miss the gnoll.
The gnoll is heavily wounded.
The goblin misses you. The gnoll hits you with a +0 club.
The ball python bites you. The ball python grabs you.
The ball python constricts you.
You are too injured to fight recklessly!
You are too injured to fight recklessly!
You are too injured to fight recklessly!
You are too injured to fight recklessly!
You are too injured to fight recklessly!
You are too injured to fight recklessly!
You are too injured to fight recklessly!
You are too injured to fight recklessly!
You are too injured to fight recklessly!
You are too injured to fight recklessly!
You are too injured to fight recklessly!
Unknown command.
You are too injured to fight recklessly!
Casting: Beastly Appendage (safe; 8% risk of failure)
Press: ? - help, Q - select action, (/) - cycle Dir - look around, f - activate Your feet morph into talons.
The gnoll hits you with a +0 club!
* * * LOW HITPOINT WARNING * * *
The goblin hits you but does no damage. The ball python barely misses you.
The ball python constricts you.
* * * LOW HITPOINT WARNING * * *
Really quaff the potion of lignification?
Okay, then.
You escape the ball python's grasp.
You hit the gnoll.
The gnoll is severely wounded.
The ball python barely misses you. The ball python grabs you.
The ball python constricts you. The goblin closely misses you.
The gnoll hits you with a +0 club.
You die...

..P.P.P #### ##.PP.... ...#
#..PP.P.. ...# ##..P.P... ...#
####...PP...P ...#
#...........P ...#######
##.......P..PP .........#
#.....g$......
.........###...†@S.#...##
.........##......g## ...
.........##.......# #
.................>#
###......#.......## #
#.....)#...#.#...# #
#.....)#.........#
###......#.........##........#
..#.........#......#.........#


You could see a gnoll, a goblin and a ball python.

Vanquished Creatures
  An endoplasm (D:1)
  3 giant cockroaches (D:1)
  3 goblins (D:1)
  2 hobgoblins (D:1)
  3 jackals (D:1)
  A quokka (D:1)
  3 ball pythons (D:1)
  A bat (D:1)
  A frilled lizard (D:1)
  2 kobolds (D:1)
  4 rats (D:1)
24 creatures vanquished.

Vanquished Creatures (others)
  2 plants (D:1)
2 creatures vanquished.

Grand Total: 26 creatures vanquished

Notes
Turn   | Place    | Note
-------+----------+-------------------------------------------
     0 | D:1      | qeuew the Formicid Transmuter began the quest for the Orb.
     0 | D:1      | Reached XP level 1. HP: 15/15 MP: 3/3
    38 | D:1      | Reached XP level 2. HP: 21/21 MP: 5/5
    66 | D:1      | Got the Verses on Abhorrent Mysteries and the Crevasse
   206 | D:1      | Reached XP level 3. HP: 26/26 MP: 6/6
   293 | D:1      | Slain by a gnoll

Illustrated notes

Levels and vault maps discovered:
D:1:      dpeg_arrival_orchard, layout_rooms, st_stairs_1, nicolae_grassy_gnolls

Skill      XL: |  1  2 |
---------------+-------+-----
Dodging        | 2 |  2.0
Fighting       | |  1.4
Armour         | |  0.9
Unarmed Combat | |  3.2
Spellcasting   | |  2.5
Transmutations | |  2.5

Action                     || total
---------------------------++-------
  Melee: Unarmed           ||    70
         Punch             ||     3
         Kick              ||     1
   Cast: Beastly Appendage ||     3
 Armour: Robe              ||    11
  Dodge: Dodged            ||    52

Table legend: (Time is in decaauts)
 A = Elapsed time spent in this place.
 B = Non-inter-level travel time spent in this place.
 C = Inter-level travel time spent in this place.
 D = Time resting spent in this place.
 E = Time spent auto-exploring this place.
 F = Levels seen in this place.
 G = Mean time per level.
                   A        B        C        D        E       F      G
               +--------+--------+--------+--------+--------+-----+--------+
         Total |    289 |    289 |      0 |      0 |    162 |   1 |  289.0 |
       Dungeon |    289 |    289 |      0 |      0 |    162 |   1 |  289.0 |
               +--------+--------+--------+--------+--------+-----+--------+

Top non-repeatable levels by time:
     D:1: 289 daAuts
